 Dungeon Crawl Stone Soup version 0.27.1-34-g3ba077fa99 (webtiles) character file.

Game seed: 559417202995517249

29 iwittbrodt the Shooter (level 3, 0/21 HPs)
             Began as a Deep Elf Hunter on Jan 20, 2022.
             Slain by a gnoll (3 damage)
             ... on level 1 of the Dungeon.
             The game lasted 00:06:25 (1607 turns).

iwittbrodt the Shooter (Deep Elf Hunter)            Turns: 1607, Time: 00:06:26

Health: 0/21       AC:  6    Str: 10    XL:     3   Next: 1%
Magic:  5/5        EV:  9    Int: 15    God:
Gold:   52         SH:  0    Dex: 15    Spells: 2/2 levels left

rFire    . . .     SeeInvis .   b - +2 dagger (pain)
rCold    . . .     Faith    .   (no shield)
rNeg     . . .     Spirit   .   m - +0 scale mail
rPois    .         Reflect  .   (no helmet)
rElec    .         Harm     .   (no cloak)
rCorr    .         Rampage  .   (no gloves)
Will     .....                  (no boots)
Stlth    ..........             (no amulet)
HPRegen  0.07/turn              (no ring)
MPRegen  0.09/turn              (no ring)

@: very slow
A: no striking features
a: no special abilities


You were on level 1 of the Dungeon.
You visited 1 branch of the dungeon, and saw 2 of its levels.

You collected 52 gold pieces.

Inventory:

Hand Weapons
 a - a +1 shortbow
 b - a +2 dagger of pain (weapon)
Missiles
 d - 3 arrows
 f - 114 stones
 g - 20 sling bullets
 i - 6 curare-tipped darts
Armour
 m - a +0 scale mail (worn)
Scrolls
 c - 2 scrolls of identify {unknown}
 e - a scroll of fog {unknown}
 l - a scroll of blinking {unknown}
 n - a scroll of enchant armour {unknown}
Potions
 h - a potion of lignification {unknown}
 j - 2 potions of curing {unknown}
 k - a potion of degeneration {unknown}


   Skills:
 + Level 1.9 Fighting
 * Level 6.0 Bows
 + Level 3.0 Dodging
 - Level 1.2 Stealth


You had 2 spell levels left.
You didn't know any spells.
Your spell library contained the following spells:

 Spells                   Type           Power      Damage    Failure   Level
 Foxfire                  Conj/Fire      0%         2x1d4     89%         1
 Freeze                   Ice            0%         1d3       89%         1
 Conjure Flame            Conj/Fire      0%         6-21      99%         3
 Frozen Ramparts          Ice            0%         1d2       99%         3
 Ignite Poison            Fire/Tmut/Pois 0%         N/A       99%         3
 Inner Flame              Hex/Fire       0%         N/A       99%         3
 Mephitic Cloud           Conj/Pois/Air  0%         N/A       99%         3
 Animate Armour           Summ/Erth      0%         N/A       100%        4
 Hailstorm                Conj/Ice       0%         3d3       100%        4
 Bolt of Magma            Conj/Fire/Erth 0%         4d4       100%        5
 Starburst                Conj/Fire      0%         6d3       100%        6


Dungeon Overview and Level Annotations

Branches:
Dungeon (2/15)

Altars:


Message History

Your surroundings seem slightly different.
There is a stone staircase leading down here.
Why would you want to do that? The gnoll hits you with a +0 club.
There is a stone staircase leading up here.
You can't go down here!
The gnoll hits you but does no damage.
You climb upwards.
There is a stone staircase leading down here.
You have a feeling of ineptitude.
b - a +2 dagger of pain (weapon)
You hit the gnoll.
The gnoll is lightly wounded.
The gnoll hits you with a +0 club.
You barely miss the gnoll.
The gnoll is lightly wounded.
The gnoll hits you with a +0 club.
You hit the gnoll.
The gnoll is moderately wounded.
The gnoll hits you with a +0 club. The gnoll hits you but does no damage.
You see here a +0 short sword.
What are your orders? t - Shout!
Orders for allies: a - Attack new target. r - Retreat! s - Stop attacking. g - Guard the area. f - Follow me.
Anything else - Cancel.
Okay, then.
The gnoll hits you with a +0 club.
There is an open door here.
You enter the shallow water.
Moving in this stuff is going to be slow.
The gnoll hits you with a +0 club.
* * * LOW HITPOINT WARNING * * *
Why would you want to do that?
You enter the shallow water.
Moving in this stuff is going to be slow.
The gnoll hits you with a +0 club.
You die...

#..#######≈≈.≈≈.........#
#.
#........≈≈≈≈≈≈.........#
#.
#.........≈≈.≈..........#
#.
#.........≈≈≈≈...########
#. #.........≈≈.≈...#
######'
#.........≈.≈≈≈..#
#......
#.........≈.≈≈...#
#......
#........≈≈.≈g≈..#
#......
#########...@≈...#
#...... #.≈.≈≈.###
#...... #.≈≈≈≈.# #......
#≈≈≈≈≈## #......
#≈≈≈≈≈≈## #......
#.≈≈≈≈≈≈## #......
#..≈≈≈≈≈≈#≈# #......
#..≈≈≈≈≈≈≈≈# #......
#.########## #######


You could see a gnoll.

Vanquished Creatures
  3 endoplasms
  6 goblins
  2 hobgoblins
  A quokka (D:2)
  2 ball pythons (D:1)
  2 bats
  4 frilled lizards
  6 kobolds
  3 rats
29 creatures vanquished.

Notes
Turn   | Place    | Note
-------+----------+-------------------------------------------
     0 | D:1      | iwittbrodt the Deep Elf Hunter began the quest for the Orb.
     0 | D:1      | Reached XP level 1. HP: 12/12 MP: 3/3
   336 | D:1      | Reached XP level 2. HP: 17/17 MP: 4/4
   547 | D:1      | Got the Handbook of the Supportive Volcanoes
   622 | D:1      | Found a faded altar of an unknown god.
  1252 | D:2      | Reached skill level 6 in Bows
  1503 | D:2      | Reached XP level 3. HP: 21/21 MP: 5/5
  1607 | D:1      | Slain by a gnoll

Illustrated notes

Levels and vault maps discovered:
D:1:      heliophobic_arrival_battle_scene, layout_basic, serial_rivers,
          chequers_serial_rivers_room_b, chequers_serial_rivers_small_3,
          chequers_serial_rivers_large_b, chequers_serial_rivers_large_a,
          shapermc_ecumenical_altar_mp_vishouse, chequers_hall_statues_wall_a,
          palyth_stone_intersect
D:2:      layout_basic, serial_rivers, chequers_serial_rivers_micro_b,
          chequers_serial_rivers_small_b, chequers_serial_rivers_micro_e,
          chequers_serial_rivers_small_b, chequers_serial_rivers_micro_e,
          chequers_serial_rivers_marsh

Skill      XL: |  1  2 |
---------------+-------+-----
Bows           | 6 |  6.0
Dodging        | 3 |  3.0
Fighting       | |  1.9
Stealth        | |  1.2

Action                   || total
-------------------------++-------
Melee: Dagger            ||     5
 Fire: Shortbow          ||    62
Armor: Leather armour    ||     1
       Scale mail        ||     9
Dodge: Dodged            ||     9
